 Dungeon Crawl Stone Soup version bcrawl-1.40.3b (webtiles) character file.

Game seed: 11086072573040508731

9057815 Wachungys the Scorcher (level 21, -1/198 HPs)
             Began as a Naga Venom Mage on Feb 21, 2024.
             Was the Champion of Nemelex Xobeh.
             Slain by a frost giant
             ... wielding a +1 battleaxe of freezing
              (24 damage)
             ... on level 1 of the Depths.
             The game lasted 04:00:43 (44609 turns).

Wachungys the Scorcher (Naga Venom Mage)           Turns: 44609, Time: 04:00:43

Health: -1/198     AC: 26    Str: 12    XL:     21   Next: 36%
Magic:  3/35       EV: 14    Int: 33    God:    Nemelex Xobeh [******]
Gold:   1013       SH: 14    Dex: 24    Spells: 9/40 levels left

rFire    + + .     GDR:     38% n - +5 double sword "Naga's Bane" {flame, Stlth+}
rCold    . . .     SeeInvis +   V - +0 buckler {rC+}
rNeg     . . .     Gourm    .   p - +1 robe {rC+}
rPois    +         Faith    +   U - +0 hat {Int+3}
rElec    +         Spirit   .   i - +0 cloak
rCorr    .         Reflect  .   q - +1 pair of gloves {Dex+3}
MR       ++...                  a - +4 barding {rF+}
Stlth    ++++......             N - amulet "Ruqucyoc" {Faith +Inv rC- Int+2 Dex+8}
HPRegen  0.43/turn              k - +4 ring of protection
MPRegen  0.24/turn              F - ring "Kuquun" {Fire rElec Int+5}

@: about to teleport, marked, very slow
A: large, tail, swims, see invisible, deformed body, poison resistance, slowness
2, slow metabolism 1, spit poison 1, constrict 1, AC +7
}: 2/15 runes: serpentine, barnacled
a: Spit Poison, Draw Escape, Draw Destruction, Draw Summoning, Triple Draw, Deal
Four, Stack Five, Renounce Religion, Evoke Invisibility


You were on level 1 of the Depths.
You worshipped Nemelex Xobeh.
Nemelex Xobeh was exalted by your worship.
You were hungry.

You visited 8 branches of the dungeon, and saw 30 of its levels.
You also visited: Sewer, Ossuary and Ice Cave.

You collected 3396 gold pieces.
You spent 2383 gold pieces at shops.

Inventory:

Hand Weapons
 n - the +5 double sword "Naga's Bane" (weapon) {flame, Stlth+}
   (You acquired it on level 2 of the Snake Pit)

   It has been specially enchanted to surge with flame as it hits, increasing
   damage dealt by approximately one third against foes not resistant or
   susceptible to fire.
   Its heat also prevents any hydra heads it cuts off from regrowing.
   It makes you more stealthy.
Missiles
 E - 1164 poisoned tomahawks (quivered)
 Q - 10 throwing nets {=f}
Armour
 a - a +4 barding of fire resistance (worn)
 i - a +0 cloak (worn)
 p - a +1 robe of cold resistance (worn)
 q - a +1 pair of gloves of dexterity (worn)
 U - a +0 hat of intelligence (worn)
 V - a +0 buckler of cold resistance (worn)
Jewellery
 k - a +4 ring of protection (left hand)
 D - an uncursed ring of resist corrosion
 F - the ring "Kuquun" (right hand) {Fire rElec Int+5}
   (You found it on level 1 of the Vaults)

   [ring of fire]

   It enhances your fire magic.
   It affects your intelligence (+5).
   It protects you from fire.
   It makes you vulnerable to cold.
   It insulates you from electricity.
 N - the amulet "Ruqucyoc" (around neck) {Faith +Inv rC- Int+2 Dex+8}
   (You found it on level 9 of the Dungeon)

   [amulet of faith]

   It allows you to gain divine favour quickly.
   It affects your intelligence (+2).
   It affects your dexterity (+8).
   It makes you vulnerable to cold.
   It lets you turn invisible.
 O - the ring of Corghas {rC+ Stlth+}
   (You took it off an ogre mage on level 9 of the Dungeon)

   [ring of protection from cold]

   It protects you from cold.
   It makes you more stealthy.
Wands
 d - a wand of scattershot (6)
 m - a wand of acid (35)
 K - a wand of disintegration (15)
 L - a wand of digging (18)
 M - a wand of clouds (5)
 P - a wand of paralysis (11)
 Z - a wand of charming (13)
Scrolls
 j - 5 scrolls of fog
 l - 11 scrolls of amnesia
 o - 5 scrolls of enchant armour
 r - 6 scrolls of enchant weapon
 s - 3 scrolls of revelation
 y - 4 scrolls of immolation
 z - a scroll of teleportation
 H - a scroll of fear
 I - 2 scrolls of vulnerability
 J - 3 scrolls of noise
 S - 2 scrolls of torment
 Y - a scroll of brand weapon
Potions
 b - 5 potions of might
 c - a potion of mutation
 f - 6 potions of lignification
 h - 6 potions of invisibility
 t - 4 potions of agility
 u - a potion of heal wounds
 v - 2 potions of brilliance
 w - 3 potions of magic
 x - 2 potions of haste
 A - 3 potions of cancellation
 B - 2 potions of ambrosia
 C - 2 potions of resistance
 G - 2 potions of curing
 R - 9 potions of flight
Miscellaneous
 T - a phial of floods (inert)
Comestibles
 e - 44 rations {!d}
 g - 6 chunks of flesh


   Skills:
 + Level 14.1 Fighting
 - Level 14.0 Long Blades
 - Level 7.0 Armour
 - Level 7.0 Dodging
 - Level 3.2 Stealth
 - Level 3.0 Shields
 - Level 10.0 Spellcasting
 - Level 9.0 Conjurations
 - Level 15.0 Hexes
 - Level 8.0 Charms
 - Level 16.0 Fire Magic
 - Level 2.0 Air Magic
 - Level 15.0 Poison Magic
 - Level 16.0 Invocations


You had 9 spell levels left.
You knew the following spells:

 Your Spells              Type           Power        Failure   Level  Hunger
a - Sting                 Conj/Pois      ####         1%          1    None
b - Poisonous Vapours     Pois/Air       ######       1%          2    None
c - Olgreb's Toxic Radia  Pois           #######..    1%          4    #......
d - Ignite Poison         Fire/Tmut/Pois #######.     1%          3    None
e - Ignition              Hex/Fire       ########..   45%         8    #######
f - Steam Barrier         Chrm/Fire      #######...   1%          5    ####...
g - Inner Flame           Hex/Fire       N/A          1%          3    None
h - Fireball              Conj/Fire      #######...   1%          5    ####...

Your spell library contained the following spells:

 Spells                   Type           Power        Failure   Level  Hunger
 Corona                   Hex            #######      0%          1    None
 Shackle                  Hex            #######.     0%          2    None
 Flame Tongue             Conj/Fire      #####        1%          1    None
 Magic Dart               Conj           ####         1%          1    None
 Flaming Arrows           Chrm/Fire      #######.     1%          2    None
 Searing Ray              Conj           ######..     1%          2    None
 Throw Frost              Conj/Ice       #####.       1%          2    None
 Conjure Flame            Conj/Fire      #######.     1%          3    None
 False Image              Hex/Summ       ######..     1%          3    None
 Iskenderun's Mystic Bla  Conj           ######..     1%          3    None
 Mephitic Cloud           Conj/Pois/Air  ######..     1%          3    None
 Spider Form              Tmut/Pois      ###          1%          3    None
 Cause Fear               Hex            #######...   1%          4    #......
 Fulminant Prism          Conj/Hex       #######...   1%          4    #......
 Sticky Flame             Conj/Fire      #######.     1%          4    #......
 Summon Scorpions         Summ/Pois      ######..     1%          4    #......
 Yara's Violent Unravell  Hex/Tmut       ######....   1%          4    #......
 Venom Bolt               Conj/Pois      #######...   1%          5    ####...
 Ozocubu's Armour         Chrm/Ice       #####...     2%          3    None
 Beastly Appendage        Tmut           ###...       4%          1    None
 Freeze                   Ice            ###...       4%          1    None
 Necrotize                Necr           ###...       4%          1    None
 Summon Small Mammal      Summ           ###.         4%          1    None
 Bolt of Magma            Conj/Fire/Erth #######...   4%          5    ####...
 Bolt of Fire             Conj/Fire      #######...   4%          6    #####..
 Poison Arrow             Conj/Pois      #######...   4%          6    #####..
 Metabolic Englaciation   Hex/Ice        ######....   5%          5    ####...
 Blink                    Tloc           N/A          7%          2    None
 Call Imp                 Summ           ###...       7%          2    None
 Passwall                 Tmut/Erth      ###.....     7%          2    None
 Sticks to Snakes         Tmut           ###.....     7%          2    None
 Throw Icicle             Conj/Ice       #####...     7%          4    #......
 Vampiric Draining        Necr           ###.......   13%         3    None
 Bolt of Draining         Conj/Necr      #####.....   19%         5    ####...
 Irradiate                Conj/Tmut      #####.....   19%         5    ####...
 Agony                    Necr           ###.....     41%         4    #......
 Animate Dead             Necr           N/A          41%         4    #......
 Ice Form                 Ice/Tmut       ###.....     41%         4    #......
 Summon Ice Beast         Ice/Summ       ###.....     41%         4    #......
 Freezing Cloud           Ice/Air        ###.....     63%         5    ####...
 Bolt of Cold             Conj/Ice       #####.....   71%         6    #####..
 Iron Shot                Conj/Erth      #####.....   71%         6    #####..
 Blade Hands              Tmut           ###.......   77%         5    ####...
 Dispel Undead            Necr           ###.....     77%         5    ####...
 Aura of Abjuration       Summ           ###.......   100%        6    #####..
 Ozocubu's Refrigeration  Ice            ###.......   100%        6    #####..
 Simulacrum               Ice/Necr       ###.....     100%        6    #####..
 Shatter                  Erth           ###.......   100%        9    #######


Dungeon Overview and Level Annotations

Branches:
Dungeon (12/12)            Temple (0/1) D:5            Lair (6/6) D:7
 Shoals (3/3) Lair:3        Snake (3/3) Lair:3        Slime (0/5) Orc
    Orc (1/1) D:8          Vaults (3/3) D:11         Forest (0/3) Lair:5
  Crypt (1/2) Vaults:1     Depths (1/5) D:12

Altars:
Cheibriados
Elyvilon
Makhleb
Nemelex Xobeh
Okawaru
Ru
Uskayaw
Wu Jian
Xom
Zin
Jiyva

Shops:
D:9 ?   Orc ?*:}   Shoals:2 !   Snake:2 }?*   Snake:3 :   Vaults:1 (
Vaults:2 !

Portals:
Ziggurat: Depths:1
Trove: D:8 (give 6 potions of agility)

Annotations:
D:4 2 runed translucent doors, exclusion: downstairs, Wachungys's ghost, amateur NaTm
D:5 exclusion: downstairs
D:8 3 runed translucent doors, kosoiffoigrumme1174's ghost, novice VSMo
Lair:1 2 transporters, Xurchy's ghost, journeyman AvCj
Lair:2 exclusion: 2 downstairs, Returnofthet's ghost, journeyman VSGl
Lair:5 exclusion: 4 oklob plants
Lair:6 1 runed translucent door, exclusions: 3 doors and obsidian statue, Sigibet's ghost, journeyman GrEE
Shoals:3 1 exclusion
Snake:1 exclusion: downstairs
Snake:2 2 transporters, kosoiffoigrumme1174's ghost, adept TrCK
Vaults:1 exclusion: downstairs


Innate Abilities, Weirdness & Mutations

You cannot wear boots.
You can swim through water.
Your serpentine skin is tough. (AC +7)
You have supernaturally acute eyesight. (SInv)
Armour fits poorly on your strangely shaped body.
Your system is resistant to poisons. (rPois)
You cover ground very slowly.
You have a slow metabolism.
You can spit poison.
You can use your snake-like lower body to constrict enemies.


Message History

The fire giant is lightly wounded.
The frost giant hits you with a +1 battleaxe of freezing!
* * * LOW HITPOINT WARNING * * *
The frost giant freezes you.
* * * LOW HITPOINT WARNING * * *
An elephant comes into view.
As you read the scroll of teleportation, it crumbles to dust.
You feel strangely unstable. The fire giant closely misses you.
The frost giant hits you with a +1 battleaxe of freezing!!
* * * LOW HITPOINT WARNING * * *
The frost giant freezes you!
* * * LOW HITPOINT WARNING * * *
You feel much better.
The vampire mage is engulfed in a cloud of scalding steam.
The fire giant gestures at you while chanting.
You resist. The bolt of fire hits you!
* * * LOW HITPOINT WARNING * * *
The frost giant hits you with a +1 battleaxe of freezing!!
You die...
Your body glows with a rainbow of weird colours and disappears.

##.####.#.#.#.##
##..##.##.#.##.#
###.##.##.#.##.#########+
# #.....+.+.'............
# ####.##.#.##.##.#####.#
# #.# .#.##.#..# ##.
.##≈§# .# #. #§C#### #.
.# #@CVY†# #. .#
######†## . . #..uu§.(#
###...u...# ?.'.......#
.##.......# #.......#
.CH.....).# ≈.≈.......'


You could see a frost giant, a fire giant, an elephant and a vampire mage.

Vanquished Creatures
  Bai Suzhen (Vaults:2)
  Polyphemus (Shoals:3)
  A sphinx (Depths:1)
  Agnes (D:12)
  A tengu reaver (Depths:1)
  A revenant (Vaults:1)
  The ghost of Yjimoseergh the Spry, an adept SpFE of Dithmenos (Vaults:1)
  Ilsuiw (Shoals:3)
  7 nagarajas
  6 vault wardens
  A deep elf sorcerer (Vaults:1)
  2 orc warlords (Vaults:2)
  4 stone giants
  3 ironheart preservers
  A vampire knight (Crypt:1)
  5 very ugly things
  Snorg (Orc)
  A deep elf death mage (Vaults:1)
  6 merfolk javelineers (Shoals:3)
  11 merfolk impalers
  6 fire dragons
  Harold (D:10)
  Fannar (D:12)
  4 yaktaur captains
  Erolcha (D:10)
  11 vault guards (Vaults:2)
  Erica (D:8)
  19 naga warriors
  3 rakshasas
  7 hydras
  4 ogre magi
  8 anacondas
  2 catoblepae
  A catoblepas (shapeshifter) (Vaults:1)
  6 merfolk aquamancers
  15 two-headed ogres
  3 death yaks (Shoals:3)
  A great orb of eyes (Depths:1)
  A deep troll shaman (Depths:1)
  9 sea snakes
  3 orc high priests (Orc)
  A spriggan berserker (Depths:1)
  3 tengu warriors
  A vampire mage (Depths:1)
  18 naga sharpshooters
  3 shock serpents
  4 deep elf knights
  An iron troll (Depths:1)
  15 centaur warriors
  7 skeletal warriors
  2 salamander mystics (Snake:3)
  A flayed ghost (Vaults:2)
  7 naga ritualists
  2 deep elf archers
  3 cyclopes
  A wolf spider zombie (D:10)
  16 harpies
  6 ironheart convokers
  A necromancer (Lair:6)
  6 orc knights
  A glowing orange brain (Depths:1)
  2 phantasmal warriors
  2 lindwurms
  10 wizards
  12 naga magi
  6 deep elf magi
  4 mana vipers
  7 orc sorcerers
  A death drake (Depths:1)
  5 fauns
  41 ugly things
  6 salamanders
  15 manticores
  A moth of wrath (IceCv)
  29 black mambas
  8 merfolk sirens
  11 guardian serpents
  7 elephants
  6 vault sentinels
  9 cane toads
  A gargoyle (D:11)
  11 water nymphs
  3 kobold demonologists (D:12)
  12 yaktaurs
  2 ice devils (IceCv)
  A komodo dragon (shapeshifter) (Vaults:2)
  2 eyes of draining
  2 efreet
  A yaktaur (shapeshifter) (D:12)
  A freezing wraith (Vaults:2)
  7 rime drakes
  11 komodo dragons
  A queen bee (Lair:5)
  Maurice (D:10)
  2 wolf spider simulacra
  8 trolls
  21 merfolk
  6 meliai
  2 polar bears
  5 wind drakes
  2 harpy skeletons
  13 blink frogs
  12 hippogriffs
  7 slime creatures
  Prince Ribbit (D:5)
  A dream sheep (Depths:1)
  2 meliai zombies
  7 snapping turtles
  A dire elephant simulacrum (Lair:6)
  A wyvern (shapeshifter) (D:9)
  2 shadows
  2 wraiths
  4 wyverns
  42 yaks
  2 humans
  A fire elemental (Snake:1)
  A human (shapeshifter) (Depths:1)
  10 water elementals
  2 hogs (D:7)
  4 basilisks
  A hungry ghost (D:12)
  4 steam dragons
  A vampire mosquito (D:8)
  10 crocodiles
  6 water moccasins
  2 hell hounds (Snake:1)
  40 nagas
  12 porcupines
  2 black bears (D:7)
  An ice beast (D:7)
  A soldier ant (D:11)
  2 hornet zombies
  25 orc warriors
  4 sky beasts
  An elephant zombie (Lair:6)
  A tengu (shapeshifter) (D:8)
  A necrophage (D:9)
  20 ogres
  19 boggarts
  10 bullfrogs
  Blork the orc (D:6)
  An elephant skeleton (Lair:6)
  11 kobold brigands
  3 water moccasin zombies (Ossuary)
  13 centaurs
  7 scorpions
  40 killer bees
  2 elephant simulacra (Lair:6)
  20 wights
  5 howler monkeys
  14 orc priests
  6 crimson imps
  A quasit (D:11)
  3 hounds
  2 bullfrog zombies
  6 jellies
  17 orc wizards
  A gnoll shaman (D:3)
  3 worker ants
  An iguana (D:9)
  A porcupine skeleton (D:10)
  5 kobold zombies (Ossuary)
  A hound skeleton (D:4)
  A howler monkey zombie (D:10)
  2 mummies (Ossuary)
  A worker ant zombie (D:9)
  27 gnolls
  15 adders
  A river rat (Sewer)
  3 shadow imps
  3 ufetubi (IceCv)
  3 oozes
  2 adder skeletons
  3 adder zombies (Ossuary)
  3 worms
  A dart slug (D:1)
  2 leopard geckos
  51 orcs
  6 bats
  4 giant cockroaches
  4 gnoll zombies (Ossuary)
  7 goblins
  8 hobgoblins
  19 jackals
  7 quokkas
  2 ball pythons (Sewer)
  13 frilled lizards
  8 hobgoblin zombies (Ossuary)
  26 kobolds
  An orc skeleton (Crypt:1)
  3 orc zombies (Ossuary)
  A quokka skeleton (D:5)
  5 rats
  A fungus (D:7)
  7 plants
  3 withered plants (Lair:6)
1231 creatures vanquished.

Vanquished Creatures (collateral kills)
  Gastronok (Lair:3)
  The ghost of Wachungys the Polluter, an adept NaVM of Vehumet (Vaults:1)
  2 nagarajas (Snake:3)
  An emperor scorpion (Snake:3)
  A fire giant (Vaults:2)
  Aizul (Snake:3)
  6 very ugly things (Vaults:1)
  Nessos (Lair:5)
  A spark wasp (Vaults:2)
  A deep elf death mage (Vaults:1)
  3 naga warriors
  A vault guard (Vaults:2)
  A catoblepas (Lair:5)
  3 anacondas
  A death knight (D:9)
  An ogre mage (D:9)
  2 two-headed ogres (Orc)
  A death yak (Lair:5)
  A hell hog (Snake:1)
  A cyclops (Vaults:2)
  A shock serpent (Snake:3)
  3 naga sharpshooters
  A salamander mystic (Snake:3)
  A spectral dire elephant (Lair:6)
  A spectral death yak (Lair:6)
  A spectral anaconda (Lair:6)
  A death drake (Depths:1)
  3 naga ritualists
  2 orc knights (D:8)
  An orc sorcerer (Orc)
  A naga mage (Snake:1)
  A mana viper (Snake:3)
  2 ugly things (Vaults:1)
  A deep elf mage (D:9)
  A merfolk siren (Shoals:3)
  2 elephants (Lair:6)
  2 guardian serpents (Snake:3)
  A water nymph (Lair:3)
  2 ice statues (IceCv)
  3 black mambas
  3 cane toads
  8 ice devils (IceCv)
  2 yaktaurs (Vaults:1)
  A rime drake (Depths:1)
  A tengu conjurer (Vaults:1)
  A guardian mummy (D:8)
  2 komodo dragons
  A freezing wraith (D:9)
  A troll (D:9)
  A polar bear (Vaults:2)
  A blink frog (Lair:3)
  A meliai zombie (D:9)
  A hog (D:7)
  A wraith (D:9)
  A shadow (D:9)
  4 yaks
  A fire elemental (Snake:1)
  A basilisk (Lair:5)
  2 water elementals (Lair:3)
  A redback (Vaults:2)
  A spectral cane toad (Lair:6)
  13 nagas
  4 porcupines
  A phantom (D:7)
  2 wights (D:5)
  2 quasits
  A gnoll shaman (D:3)
  An iguana (D:3)
  10 gnolls (D:3)
  7 white imps (IceCv)
  6 ufetubi (IceCv)
  2 plants
  A withered plant (Lair:6)
148 creatures vanquished.

Vanquished Creatures (others)
  A merfolk aquamancer (Shoals:3)
  An orc knight (D:8)
  A naga mage (Snake:1)
  A moth of wrath (Vaults:2)
  A merfolk (Vaults:2)
  A water elemental (Shoals:1)
  A yak (Lair:5)
  A naga (Snake:3)
  A bullfrog (Lair:2)
  A killer bee (Lair:5)
  A white imp (IceCv)
  An ufetubus (IceCv)
  An orc (Vaults:2)
  43 fungi
  47 plants
  4 tentacles (Shoals:1)
  4 withered plants
111 creatures vanquished.

Grand Total: 1490 creatures vanquished

Notes
Turn   | Place    | Note
-------+----------+-------------------------------------------
     0 | D:1      | Wachungys the Naga Venom Mage began the quest for the Orb.
     0 | D:1      | Reached XP level 1. HP: 15/15 MP: 3/3
   122 | D:1      | Found a sparkling altar of Nemelex Xobeh.
   131 | D:1      | Became a worshipper of Nemelex Xobeh the Trickster
   177 | D:1      | Reached XP level 2. HP: 22/22 MP: 2/5
   307 | D:1      | Learned a level 2 spell: Poisonous Vapours
   426 | D:2      | Reached XP level 3. HP: 28/28 MP: 5/7
   446 | D:2      | Reached skill level 1 in Air Magic
   451 | D:2      | Received a gift from Nemelex Xobeh
  1322 | D:3      | Reached skill level 1 in Fighting
  1322 | D:3      | Reached XP level 4. HP: 38/38 MP: 1/8
  1489 | D:3      | Reached * piety under Nemelex Xobeh
  1865 | D:3      | Reached XP level 5. HP: 45/45 MP: 2/9
  1867 | D:3      | Reached skill level 5 in Poison Magic
  1886 | D:3      | Noticed an ogre
  1892 | D:3      | Reached skill level 1 in Invocations
  1903 | D:3      | Reached XP level 6. HP: 30/55 MP: 3/10
  2205 | D:3      | Reached skill level 5 in Fighting
  2205 | D:3      | Reached XP level 7. HP: 60/67 MP: 3/11
  3212 | D:4      | Reached XP level 8. HP: 54/74 MP: 2/12
  3246 | D:4      | Received a gift from Nemelex Xobeh
  3272 | D:4      | Found a glowing drain.
  3288 | Sewer    | Entered a sewer
  3341 | Sewer    | Reached ** piety under Nemelex Xobeh
  3841 | D:4      | Found a large runed translucent door.
  3841 | D:4      | Found a large runed translucent door.
  4350 | D:4      | Noticed Wachungys's ghost (amateur NaTm)
  4455 | D:5      | Entered Level 5 of the Dungeon
  4459 | D:5      | Found a hide-covered altar of Uskayaw.
  4536 | D:5      | Received a gift from Nemelex Xobeh
  4609 | D:5      | Reached skill level 5 in Invocations
  4730 | D:5      | Reached skill level 1 in Armour
  4908 | D:5      | Received a gift from Nemelex Xobeh
  4954 | D:5      | Found a snail-covered altar of Cheibriados.
  4954 | D:5      | Found a burning altar of Makhleb.
  4955 | D:5      | Found an iron altar of Okawaru.
  5165 | D:5      | Found a staircase to the Ecumenical Temple.
  5353 | D:5      | Reached XP level 9. HP: 65/86 MP: 4/15
  5418 | D:6      | Noticed Prince Ribbit
  5422 | D:6      | Noticed Blork the orc
  5429 | D:5      | Killed Prince Ribbit
  5569 | D:6      | Reached *** piety under Nemelex Xobeh
  5668 | D:6      | Received a gift from Nemelex Xobeh
  5727 | D:6      | Killed Blork the orc
  6123 | D:6      | Received a gift from Nemelex Xobeh
  6512 | D:7      | Reached skill level 10 in Poison Magic
  6524 | D:7      | Found a sand-covered staircase.
  6529 | Ossuary  | Entered an ossuary
  6731 | Ossuary  | Reached **** piety under Nemelex Xobeh
  6759 | Ossuary  | Reached skill level 5 in Spellcasting
  6909 | D:7      | Noticed an ice devil
  7036 | D:7      | Noticed a troll
  7050 | D:7      | Killed a troll
  7051 | D:7      | Reached XP level 10. HP: 77/96 MP: 2/17
  7079 | D:7      | Found a staircase to the Lair.
  7295 | D:7      | Received a gift from Nemelex Xobeh
  7438 | D:7      | Got a crude spear
  7439 | D:7      | Identified the +4 spear of Jeenwab {freeze, rF+} (You found
                  | it on level 7 of the Dungeon)
  7613 | D:7      | Reached skill level 5 in Dodging
  7909 | D:8      | Received a gift from Nemelex Xobeh
  8260 | D:8      | Noticed an orc knight
  8269 | D:8      | Found a white marble altar of Elyvilon.
  8481 | D:8      | Found a sacrificial altar of Ru.
  8506 | D:8      | Noticed an eight-headed hydra
  8532 | D:8      | Noticed an orc knight
  8664 | Lair:1   | Entered Level 1 of the Lair of Beasts
  8712 | Lair:1   | Received a gift from Nemelex Xobeh
  8767 | Lair:1   | Reached ***** piety under Nemelex Xobeh
  8973 | Lair:1   | Found a transporter.
  8982 | Lair:1   | Noticed Xurchy's ghost (journeyman AvCj)
  8985 | Lair:1   | Found a transporter.
  8995 | Lair:1   | Received a gift from Nemelex Xobeh
  9040 | Lair:1   | Reached XP level 11. HP: 106/106 MP: 8/18
  9222 | Lair:1   | Got a brightly glowing leather armour
  9258 | Lair:1   | Identified the cursed +1 leather armour "Kyuwnava" {Regen+
                  | SInv} (You found it on level 1 of the Lair of Beasts)
  9561 | Lair:2   | Found a runed translucent door.
  9633 | Lair:2   | Received a gift from Nemelex Xobeh
  9732 | Lair:2   | Received a gift from Nemelex Xobeh
  9733 | Lair:2   | Reached skill level 10 in Fighting
  9877 | Lair:2   | Noticed a lindwurm
  9890 | Lair:2   | Killed a lindwurm
 10028 | Lair:2   | Noticed an eight-headed hydra
 10040 | Lair:2   | Killed an eight-headed hydra
 10268 | Lair:2   | Learned a level 4 spell: Olgreb's Toxic Radiance
 10272 | Lair:2   | Learned a level 3 spell: Ignite Poison
 10371 | Lair:2   | Reached skill level 1 in Fire Magic
 10979 | Lair:3   | Noticed Gastronok
 11023 | Lair:3   | Received a gift from Nemelex Xobeh
 11079 | Lair:3   | Reached skill level 5 in Fire Magic
 11091 | Lair:3   | Found a staircase to the Snake Pit.
 11115 | Lair:3   | Reached XP level 12. HP: 91/116 MP: 19/19
 11172 | Lair:3   | Learned a level 8 spell: Ignition
 11533 | Lair:3   | Killed Gastronok
 11667 | Lair:3   | Received a gift from Nemelex Xobeh
 12053 | Lair:4   | Reached skill level 15 in Poison Magic
 12081 | Lair:4   | Found a frozen archway.
 12112 | IceCv    | Entered an ice cave
 12129 | IceCv    | Received a gift from Nemelex Xobeh
 12326 | IceCv    | Reached ****** piety under Nemelex Xobeh
 12332 | IceCv    | Gained mutation: You can use your snake-like lower body to
                  | constrict enemies. [Naga growth]
 12332 | IceCv    | Reached XP level 13. HP: 47/123 MP: 23/23
 12688 | IceCv    | Got an encrusted demon blade
 12689 | IceCv    | Identified the cursed +0 demon blade of Anxiety {flame,
                  | Dex+5} (You found it in an ice cave)
 12905 | Lair:4   | Reached skill level 1 in Shields
 13015 | Lair:4   | Received a gift from Nemelex Xobeh
 13420 | Lair:4   | Received a gift from Nemelex Xobeh
 14146 | Lair:5   | Received a gift from Nemelex Xobeh
 14449 | Lair:5   | Noticed Nessos
 14458 | Lair:5   | Killed Nessos
 14609 | Lair:5   | Received a gift from Nemelex Xobeh
 14638 | Lair:5   | Reached skill level 10 in Invocations
 15295 | Lair:5   | Found a staircase to the Spriggan Forest.
 15344 | Lair:5   | Reached XP level 14. HP: 128/132 MP: 22/26
 15346 | Lair:5   | Received a gift from Nemelex Xobeh
 15647 | Lair:5   | Learned a level 5 spell: Steam Barrier
 16051 | Lair:6   | Entered Level 6 of the Lair of Beasts
 16059 | Lair:6   | Found a runed translucent door.
 16061 | Lair:6   | Found a shimmering altar of Xom.
 16061 | Lair:6   | Noticed Sigibet's ghost (journeyman GrEE)
 16092 | Lair:6   | Received a gift from Nemelex Xobeh
 16254 | Lair:6   | Reached skill level 5 in Armour
 16304 | Lair:6   | Identified the +4 battleaxe "Jaqeub" {chaos, MR+}
 16411 | Lair:6   | Reached skill level 1 in Charms
 16494 | Lair:6   | Noticed a dire elephant
 16668 | Lair:6   | Received a gift from Nemelex Xobeh
 17261 | Lair:6   | Noticed a dire elephant
 17467 | Lair:6   | Received a gift from Nemelex Xobeh
 17474 | Lair:6   | Reached skill level 5 in Charms
 17925 | D:8      | Noticed Erica
 17932 | D:8      | Killed Erica
 18226 | D:8      | Found a runed translucent gate.
 18232 | D:8      | Found a runed translucent gate.
 18233 | D:8      | Found a runed translucent gate.
 18396 | D:8      | Noticed kosoiffoigrumme1174's ghost (novice VSMo)
 18421 | D:8      | Found a glowing silver altar of Zin.
 18935 | D:8      | Found a portal to a secret trove of treasure.
 19074 | D:8      | Reached skill level 1 in Long Blades
 19263 | D:8      | Found a staircase to the Orcish Mines.
 19270 | Orc      | Entered the Orcish Mines
 19376 | Orc      | Received a gift from Nemelex Xobeh
 19428 | Orc      | Found Eschuv's Gadget Boutique.
 19441 | Orc      | Reached skill level 5 in Long Blades
 19638 | Orc      | Found a roughly hewn altar of Beogh.
 19650 | Orc      | Found a staircase to the Slime Pits.
 19650 | Orc      | Found a viscous altar of Jiyva.
 19651 | Orc      | Found a viscous altar of Jiyva.
 19755 | Orc      | Reached XP level 15. HP: 121/138 MP: 14/27
 19998 | Orc      | Reached skill level 10 in Long Blades
 20033 | Orc      | Received a gift from Nemelex Xobeh
 20138 | Orc      | Noticed Snorg
 20148 | Orc      | Killed Snorg
 20217 | Orc      | Found Syuff's Book Boutique.
 20218 | Orc      | Found Reck's General Store.
 20218 | Orc      | Found Toawat's Magic Scroll Emporium.
 20259 | Orc      | Bought a manual of Fire Magic for 1545 gold pieces
 20485 | D:9      | Found Epoug's Magic Scroll Emporium.
 20560 | D:9      | Identified the Tome of Ashen Creation
 20768 | D:9      | Received a gift from Nemelex Xobeh
 21398 | D:9      | Identified the cursed ring of Cowardice {Fire +Blink Dex+4}
 21407 | D:9      | Identified the ring of Corghas {rC+ Stlth+}
 21514 | D:9      | Got a pitted pewter amulet
 21539 | D:9      | Got a coiled sapphire amulet
 21592 | D:10     | Entered Level 10 of the Dungeon
 21592 | D:10     | Received a gift from Nemelex Xobeh
 21778 | Snake:1  | Entered Level 1 of the Snake Pit
 21806 | Snake:1  | Noticed a nagaraja
 21826 | Snake:1  | Killed a nagaraja
 21827 | Snake:1  | Reached skill level 10 in Fire Magic
 22830 | Snake:1  | Received a gift from Nemelex Xobeh
 23197 | Snake:1  | Noticed Azrael
 23201 | Snake:1  | Noticed Azrael
 23201 | Snake:1  | Azrael changed into Azrael the hell hog
 23209 | Snake:1  | Killed Azrael the hell hog
 23380 | Snake:1  | Received a gift from Nemelex Xobeh
 23506 | Snake:1  | Reached XP level 16. HP: 125/146 MP: 23/28
 24197 | Snake:2  | Noticed a nagaraja
 24221 | Snake:1  | Killed a nagaraja
 24391 | Snake:2  | Found Futs's Gadget Shoppe.
 24391 | Snake:2  | Found Roukiena's Magic Scroll Emporium.
 24393 | Snake:2  | Found Varuh's General Store.
 24477 | Snake:2  | Received a gift from Nemelex Xobeh
 24789 | Snake:2  | Found a transporter.
 24798 | Snake:2  | Noticed a nagaraja
 24798 | Snake:2  | Noticed kosoiffoigrumme1174's ghost (adept TrCK)
 24801 | Snake:2  | Found a transporter.
 24809 | Snake:2  | Received a gift from Nemelex Xobeh
 24810 | Snake:2  | Identified the amulet "Ruqucyoc" {Faith +Inv rC- Int+2
                  | Dex+8} (You found it on level 9 of the Dungeon)
 25539 | Snake:2  | Received a gift from Nemelex Xobeh
 26463 | Snake:3  | Entered Level 3 of the Snake Pit
 26519 | Snake:3  | Received a gift from Nemelex Xobeh
 26888 | Snake:3  | Reached skill level 15 in Invocations
 26916 | Snake:3  | Noticed Aizul
 27124 | Snake:3  | Reached XP level 17. HP: 20/153 MP: 4/29
 27344 | Snake:3  | Found Girias's Book Emporium.
 27599 | Snake:3  | Identified the +5 demon trident "Zalarepo" {vamp, rElec}
 27984 | Snake:3  | Killed Aizul
 27999 | Snake:3  | HP: 2/154 [fire bat[the player character] (8)]
 28192 | Snake:3  | Learned a level 3 spell: Inner Flame
 28214 | Snake:3  | Learned a level 5 spell: Fireball
 28490 | Snake:3  | Noticed Vashnia
 28526 | Snake:3  | Noticed Vashnia
 28526 | Snake:3  | Vashnia changed into Vashnia the emperor scorpion
 28538 | Snake:3  | Killed Vashnia the emperor scorpion
 28701 | Snake:3  | HP: 7/157 [poisoned by a naga (splash of poison)]
 28706 | Snake:3  | HP: 6/157 [poisoned by a naga (splash of poison)]
 28711 | Snake:3  | HP: 6/157 [poisoned by a naga (splash of poison)]
 29125 | Snake:3  | Reached skill level 5 in Conjurations
 29146 | Snake:3  | Received a gift from Nemelex Xobeh
 29401 | Snake:3  | Identified the amulet "Ritz" {Reflect rPois Dex+3 SH+6}
                  | (You found it on level 9 of the Dungeon)
 29401 | Snake:3  | Got a serpentine rune of Zot
 30050 | D:10     | Received a gift from Nemelex Xobeh
 30105 | D:10     | Noticed Erolcha
 30116 | D:10     | Killed Erolcha
 30195 | D:10     | Noticed Harold
 30212 | D:10     | Killed Harold
 30541 | D:10     | Received a gift from Nemelex Xobeh
 30560 | D:10     | Identified the ring "Hali Eta" {Fire Dex-2 Slay+6}
 31074 | D:10     | Noticed Maurice
 31091 | D:10     | Killed Maurice
 31481 | D:11     | Reached XP level 18. HP: 68/165 MP: 13/30
 31920 | D:11     | Received a gift from Nemelex Xobeh
 32107 | D:11     | Received a gift from Nemelex Xobeh
 32164 | D:11     | Reached skill level 1 in Hexes
 32220 | D:11     | Found a gate to the Vaults.
 32380 | Vaults:1 | Entered Level 1 of the Vaults
 32545 | Vaults:1 | Reached skill level 5 in Hexes
 32584 | Vaults:1 | Found a staircase to the Crypt.
 33384 | Vaults:1 | Reached skill level 15 in Fire Magic
 33612 | Vaults:1 | Received a gift from Nemelex Xobeh
 33613 | Vaults:1 | Found Leiluos's Weapon Boutique.
 33782 | Vaults:1 | Reached skill level 10 in Hexes
 33793 | Vaults:1 | Reached XP level 19. HP: 79/171 MP: 26/31
 34723 | Vaults:1 | Received a gift from Nemelex Xobeh
 34776 | Vaults:1 | Identified the +2 battleaxe of Destiny {drain, Int+4}
 34872 | Vaults:1 | Found a runed translucent gate.
 34872 | Vaults:1 | Found a runed translucent gate.
 34872 | Vaults:1 | Found a runed translucent gate.
 34874 | Vaults:1 | Noticed Yjimoseergh's ghost (adept SpFE)
 34874 | Vaults:1 | Noticed Wachungys's ghost (adept NaVM)
 34910 | Vaults:1 | Identified the -1 trident of Astrurch {holy, +Inv rElec}
 34914 | Vaults:1 | Killed Wachungys's ghost
 34943 | Vaults:1 | Killed Yjimoseergh's ghost
 35116 | Vaults:1 | Identified the ring "Kuquun" {Fire rElec Int+5}
 35130 | Vaults:1 | Identified the +1 robe "Qaomyman" {Str+5}
 35184 | Crypt:1  | Entered Level 1 of the Crypt
 35687 | Shoals:1 | Entered Level 1 of the Shoals
 35840 | Shoals:1 | Received a gift from Nemelex Xobeh
 36443 | Shoals:1 | Received a gift from Nemelex Xobeh
 36995 | Shoals:2 | Found Cehu's Distillery.
 37073 | Shoals:2 | Received a gift from Nemelex Xobeh
 37155 | Shoals:3 | Entered Level 3 of the Shoals
 37407 | Shoals:3 | Noticed Polyphemus
 37422 | Shoals:3 | Killed Polyphemus
 37629 | Shoals:3 | Got a barnacled rune of Zot
 37946 | Shoals:3 | Identified the +5 spear "Izacydo" {venom, rC- Str+3 Int+3}
 38008 | Shoals:3 | HP: 3/171 [merfolk aquamancer/shard of ice (41)]
 38356 | Shoals:3 | Reached XP level 20. HP: 179/180 MP: 33/33
 38486 | Shoals:3 | Noticed Ilsuiw
 38496 | Shoals:3 | Reached skill level 10 in Spellcasting
 38548 | Shoals:3 | Killed Ilsuiw
 38556 | Shoals:3 | Received a gift from Nemelex Xobeh
 38732 | Shoals:3 | Identified the +7 plate armour of Seeqoex {-Cast Int+4
                  | SInv}
 39470 | Shoals:2 | Received a gift from Nemelex Xobeh
 40213 | Snake:2  | Bought a scroll of acquirement for 676 gold pieces
 40213 | Snake:2  | Bought a scroll of teleportation for 39 gold pieces
 40213 | Snake:2  | Bought a scroll of teleportation for 39 gold pieces
 40213 | Snake:2  | Identified the +5 double sword "Naga's Bane" {flame,
                  | Stlth+} (You acquired it on level 2 of the Snake Pit)
 40213 | Snake:2  | Identified the +2 plate armour of the Old World {rF+ MR+
                  | Int+4} (You acquired it on level 2 of the Snake Pit)
 40213 | Snake:2  | Identified the Compendium of the Bouncing Blessings (You
                  | acquired it on level 2 of the Snake Pit)
 40338 | Lair:2   | Noticed Returnofthet's ghost (journeyman VSGl)
 40602 | Vaults:2 | Identified the +3 executioner's axe "Xyr Acluzu" {freeze,
                  | MP+9}
 40609 | Vaults:2 | Reached skill level 15 in Hexes
 40883 | Vaults:2 | Found an ornate altar of the Wu Jian Council.
 40921 | Vaults:2 | Noticed Bai Suzhen
 40928 | Vaults:2 | Killed Bai Suzhen
 41236 | Vaults:2 | Received a gift from Nemelex Xobeh
 41977 | Vaults:2 | Received a gift from Nemelex Xobeh
 42242 | Vaults:2 | Received a gift from Nemelex Xobeh
 42314 | Vaults:2 | Found Gutal's Distillery.
 42357 | Vaults:2 | Bought a potion of agility for 84 gold pieces
 42854 | Vaults:3 | Entered Level 3 of the Vaults
 43128 | D:12     | Entered Level 12 of the Dungeon
 43128 | D:12     | Received a gift from Nemelex Xobeh
 43301 | D:12     | Noticed Fannar
 43305 | D:12     | Killed Fannar
 43309 | D:12     | Received a gift from Nemelex Xobeh
 43330 | D:12     | Reached XP level 21. HP: 179/198 MP: 4/35
 43332 | D:12     | Noticed Agnes
 43347 | D:12     | Killed Agnes
 43895 | D:12     | Found a staircase to the Depths.
 44100 | Depths:1 | Entered Level 1 of the Depths
 44104 | Depths:1 | Received a gift from Nemelex Xobeh
 44416 | Depths:1 | Found a gateway to a ziggurat.
 44550 | Depths:1 | Paralysed by a sphinx for 3 turns
 44609 | Depths:1 | Slain by a frost giant

Skill      XL: |  1  2  3  4  5  6  7  8  9 10 11 12 13 14 15 16 17 18 19 20 21 |
---------------+----------------------------------------------------------------+-----
Spellcasting   | 3 4 5 7 8 9 10 | 10.0
Air Magic      | 2 |  2.0
Fighting       | 1 2 5 7 8 9 10 11 14 | 14.1
Poison Magic   | 5 7 10 11 15 | 15.0
Dodging        | 2 3 6 7 |  7.0
Invocations    | 2 4 5 6 7 9 11 12 15 16 | 16.0
Armour         | 1 2 3 5 7 |  7.0
Fire Magic     | 6 8 12 14 15 16 | 16.0
Shields        | 3 |  3.0
Charms         | 8 |  8.0
Long Blades    | 8 13 14 | 14.0
Conjurations   | 7 9 |  9.0
Hexes          | 10 14 15 | 15.0
Stealth        | |  3.2

Action                   |  1- 3 |  4- 6 |  7- 9 | 10-12 | 13-15 | 16-18 | 19-21 || total
-------------------------+-------+-------+-------+-------+-------+-------+-------++-------
Melee: Unarmed           |     2 |       |       |       |       |       |       ||     2
       Dagger            |    32 |    18 |    99 |       |       |       |       ||   149
       Short sword       |       |       |   205 |    33 |       |       |       ||   238
       Spear             |       |       |       |   306 |    26 |       |       ||   332
       Demon blade       |       |       |       |       |   837 |  1188 |   809 ||  2834
       Constrict         |       |       |       |       |   149 |   226 |   178 ||   553
       Double sword      |       |       |       |       |       |       |   481 ||   481
 Cast: Sting             |    36 |       |     3 |     2 |       |     3 |       ||    44
       Poisonous Vapours |    10 |    40 |   145 |   135 |   117 |   109 |   120 ||   676
       Olgreb's Toxic Ra |       |       |       |     5 |    23 |    23 |    33 ||    84
       Ignite Poison     |       |       |       |     4 |    41 |    73 |    52 ||   170
       Steam Barrier     |       |       |       |       |     6 |    30 |    28 ||    64
       Fireball          |       |       |       |       |       |    29 |    55 ||    84
       Inner Flame       |       |       |       |       |       |     1 |       ||     1
Invok: Triple Draw       |       |       |       |       |       |     2 |       ||     2
       Deal Four         |       |       |       |       |       |       |     2 ||     2
 Abil: Spit Poison       |    25 |    22 |    54 |    33 |     9 |     6 |     8 ||   157
       Draw Destruction  |       |     3 |    10 |     5 |    26 |    11 |    10 ||    65
       Draw Summoning    |       |     2 |     3 |    16 |    23 |    17 |    12 ||    73
       Draw Escape       |       |       |       |       |     2 |    16 |    13 ||    31
Evoke: Phial of floods   |       |       |       |       |     2 |     3 |     1 ||     6
       Wand              |       |       |       |       |       |     1 |       ||     1
  Use: Scroll            |       |     3 |    11 |     2 |    13 |    12 |     7 ||    48
       Potion            |       |       |       |     1 |     3 |     6 |     6 ||    16
 Stab: Sleeping          |     1 |       |     3 |     4 |     8 |     7 |    10 ||    33
       Confused          |       |     1 |       |       |       |       |     1 ||     2
       Distracted        |       |       |     1 |       |     6 |     8 |     7 ||    22
  Eat: Chunk             |     2 |     7 |    27 |    31 |    48 |    32 |    59 ||   206
       Ration            |       |       |       |       |     3 |     9 |     3 ||    15
Armor: Robe              |    10 |    10 |   167 |    53 |   476 |   324 |   523 ||  1563
       Leather armour    |       |       |       |   116 |       |       |       ||   116
Dodge: Dodged            |    26 |    13 |   209 |   255 |   490 |   415 |   497 ||  1905
Block: Buckler           |       |       |       |       |   410 |   845 |   907 ||  2162
